 Dungeon Crawl Stone Soup version 0.27.1-34-g3ba077fa99 (webtiles) character file.

Game seed: 12660539766432824976

2080 Koffer the Magician (level 9, -6/52 HPs)
             Began as an Octopode Earth Elementalist on Jan 29, 2022.
             Mangled by a killer bee (8 damage)
             ... on level 7 of the Dungeon.
             The game lasted 00:10:24 (7817 turns).

Koffer the Magician (Octopode Earth Elementalist)   Turns: 7817, Time: 00:10:26

Health: -6/52      AC:  1    Str:  8    XL:     9   Next: 26%
Magic:  2/19       EV: 14    Int: 20    God:
Gold:   385        SH:  0    Dex: 12    Spells: 11/21 levels left

rFire    . . .     SeeInvis .   d - +6 whip "Tixaclea" {chaos, rElec rN+}
rCold    . . .     Faith    .   (no shield)
rNeg     + . .     Spirit   .   (helmet restricted)
rPois    .         Reflect  .   k - amulet of regeneration
rElec    +         Harm     .   (no ring)
rCorr    .         Rampage  .   (no ring)
Will     .....                  (no ring)
Stlth    ++++......             (no ring)
HPRegen  1.17/turn              (no ring)
MPRegen  0.16/turn              (no ring)
                                (no ring)
                                (no ring)

@: lethally poisoned (-6 -> -11)
A: almost no armour, amphibious, 8 rings, camouflage 1, gelatinous body 1,
(nimble swimmer 1), tentacles
a: no special abilities


You were on level 7 of the Dungeon.
You visited 1 branch of the dungeon, and saw 7 of its levels.

You collected 385 gold pieces.

Inventory:

Hand Weapons
 d - the +6 whip "Tixaclea" (weapon) {chaos, rElec rN+}
   (You found it on level 5 of the Dungeon)

   Each time it hits an enemy it has a different, random effect.
   rElec:     It insulates you from electricity.
   rN:        It protects you from negative energy.
 g - a +0 dagger
 h - a +4 scimitar
 p - a +5 mace
Missiles
 b - 107 stones
Jewellery
 k - an amulet of regeneration (around mantle)
Scrolls
 c - 3 scrolls of fear
 e - a scroll of immolation
 f - 2 scrolls of enchant armour
 i - a scroll of holy word
 q - a scroll of magic mapping
Potions
 a - a potion of invisibility
 j - 2 potions of lignification
 l - 3 potions of degeneration
 m - a potion of heal wounds {unknown}
 n - 2 potions of curing
 o - 2 potions of flight


   Skills:
 + Level 0.6 Fighting
 + Level 0.2 Short Blades
 + Level 0.1 Maces & Flails
 * Level 5.0 Dodging
 * Level 6.4 Stealth
 * Level 6.8 Spellcasting
 * Level 4.7 Conjurations
 + Level 1.0 Transmutations
 + Level 5.8 Earth Magic


You had 11 spell levels left.
You knew the following spells:

 Your Spells              Type           Power      Damage    Failure   Level
a - Sandblast             Erth           60%        2d14      1%          1
b - Passwall              Tmut/Erth      16%        N/A       3%          2
c - Stone Arrow           Conj/Erth      56%        3d10      3%          3
d - Petrify               Tmut/Erth      20%        N/A       24%         4

Your spell library contained the following spells:

 Spells                   Type           Power      Damage    Failure   Level
 Static Discharge         Conj/Air       16%        N/A       5%          2
 Sting                    Tmut/Pois      32%        1d4       8%          1
 Summon Small Mammal      Summ           24%        N/A       10%         1
 Poisonous Vapours        Pois/Air       12%        N/A       14%         2
 Call Canine Familiar     Summ           6%         N/A       28%         3
 Summon Guardian Golem    Hex/Summ       6%         N/A       28%         3
 Sticky Flame             Conj/Fire      16%        2d4       34%         4
 Airstrike                Air            3%         N/A       67%         4
 Dispel Undead            Necr           6%         3d8       67%         4
 Olgreb's Toxic Radiance  Pois           6%         N/A       67%         4
 Summon Lightning Spire   Summ/Air       6%         N/A       67%         4
 Lightning Bolt           Conj/Air       8%         1d20      69%         5


Dungeon Overview and Level Annotations

Branches:
Dungeon (7/15)             Temple (0/1) D:7

Altars:
Ru

Shops:
D:3 (   D:4 (

Annotations:
D:6 3 transporters, Jazqba's ghost, novice HONe


Innate Abilities, Weirdness & Mutations

You cannot wear most types of armour.
You are amphibious.
You can wear up to eight rings at the same time.
Your skin changes colour to match your surroundings (Stealth+).
Your rubbery body absorbs attacks. (AC +1, EV +1)
((You are camouflaged near water. (Stealth+)))
You have tentacles for arms and can constrict up to eight enemies at once.


Message History

A killer bee comes into view.
The killer bee stings you.
You are poisoned.
The killer bee poisons you! The killer bee closely misses you.
The killer bee barely misses you.
The stone arrow hits the killer bee!
You kill the killer bee!
The killer bee buzzes angrily.
You feel very sick. The killer bee barely misses you.
The killer bee completely misses you.
Your Dodging skill increases to level 5!
You feel sick. The killer bee misses you. The killer bee barely misses you.
The stone arrow misses the killer bee. x2; You feel sick.
The killer bee barely misses you. The killer bee closely misses you.
The killer bee stings you!
You are more poisoned.
The killer bee poisons you! The killer bee completely misses you.
The killer bee closely misses you.
The stone arrow hits the killer bee!
The killer bee is almost dead.
You feel very sick. The killer bee stings you!
You are more poisoned.
The killer bee poisons you! The killer bee stings you.
The killer bee barely misses you. The killer bee misses you.
The killer bee stings you. The killer bee closely misses you.
Your magical contamination has completely faded away.
Unknown command.
Unknown command.
Unknown command.
Unknown command.
Unknown command.
You feel very sick. The killer bee stings you!
* * * LOW HITPOINT WARNING * * *
The killer bee stings you but does no damage.
The killer bee stings you!
* * * LOW HITPOINT WARNING * * *
The killer bee stings you!
You die...

,*,,,*,*,,,,...**#.,***.#,.*
,,,*****,,,,....*#...#,,.,,*
,,,* ***,,,##.##...,,,,,***
*,,** **,##......,*,**,,,*
,,,,* **#......###***,.**
,,*** ###......#.##,,..* ,,*
#>....y.....##..** ,,**
*#...yyy.......#* ,,,*
**,,#@...).#,,* *,,*
*,,,###...##^** *,**
*,,,*##...##** ***
*****#.....# ###..## #...#
#...# #####


You could see 4 killer bees.

Vanquished Creatures
  A steam dragon (D:6)
  3 water moccasins
  An orc warrior (D:6)
  2 ice beasts (D:5)
  3 ogres
  A phantom (D:6)
  A gnoll sergeant (D:6)
  A bullfrog (D:6)
  A scorpion (D:4)
  2 killer bees
  5 wights
  2 hounds
  A jelly (D:6)
  A gnoll shaman (D:4)
  An orc priest (D:6)
  5 iguanas
  A hound skeleton (D:3)
  13 gnolls
  2 adders
  A shadow imp (D:6)
  2 white imps
  An ufetubus (D:6)
  A worm (D:4)
  8 dart slugs
  6 orcs
  4 endoplasms
  3 giant cockroaches
  8 goblins
  7 hobgoblins
  7 jackals
  9 quokkas
  3 ball pythons
  2 bats
  A frilled lizard (D:1)
  7 kobolds
  3 rats
120 creatures vanquished.

Notes
Turn   | Place    | Note
-------+----------+-------------------------------------------
     0 | D:1      | Koffer the Octopode Earth Elementalist began the quest for
                  | the Orb.
     0 | D:1      | Reached XP level 1. HP: 11/11 MP: 3/3
    58 | D:1      | Reached XP level 2. HP: 2/17 MP: 0/5
   478 | D:1      | Reached XP level 3. HP: 21/21 MP: 4/6
   481 | D:1      | Learned a level 2 spell: Passwall
   485 | D:1      | Learned a level 3 spell: Stone Arrow
  1495 | D:2      | Reached XP level 4. HP: 27/27 MP: 5/7
  2093 | D:3      | Reached skill level 1 in Conjurations
  2484 | D:3      | Found Duusa's Antique Weapon Emporium.
  2663 | D:4      | Reached XP level 5. HP: 31/31 MP: 3/9
  2723 | D:4      | Found Toeclezu's Weapon Shop.
  2748 | D:5      | Entered Level 5 of the Dungeon
  2748 | D:5      | Noticed an ogre
  2756 | D:4      | Noticed an ogre
  2761 | D:4      | Killed an ogre
  2762 | D:4      | Reached XP level 6. HP: 17/36 MP: 4/11
  4027 | D:5      | Noticed a water moccasin
  4027 | D:5      | Noticed a water moccasin
  4036 | D:4      | Killed a water moccasin
  4037 | D:4      | Reached XP level 7. HP: 6/41 MP: 8/14
  4107 | D:5      | Reached skill level 5 in Spellcasting
  4615 | D:5      | Reached skill level 5 in Stealth
  4809 | D:5      | Reached skill level 5 in Earth Magic
  5122 | D:5      | Reached XP level 8. HP: 46/46 MP: 6/16
  5804 | D:5      | Learned a level 4 spell: Petrify
  5871 | D:5      | Identified the +6 whip "Tixaclea" {chaos, rElec rN+}
  5904 | D:6      | Found a transporter.
  6763 | D:6      | Reached XP level 9. HP: 52/52 MP: 12/19
  6860 | D:6      | Found a transporter.
  6861 | D:6      | Noticed Jazqba's ghost (novice HONe)
  7247 | D:6      | Found a transporter.
  7401 | D:6      | Found a sacrificial altar of Ru.
  7757 | D:5      | You fall into a shaft and drop 2 floors!
  7814 | D:7      | Reached skill level 5 in Dodging
  7817 | D:7      | HP: 2/52 [killer bee (8)]
  7817 | D:7      | Mangled by a killer bee

Illustrated notes

Levels and vault maps discovered:
D:1:      elethiomel_arrival_maze, layout_basic
D:2:      layout_rooms, minmay_pentomino_s4
D:3:      layout_rooms, serial_shops, nicolae_shop_trees,
          amcnicky_mini_rare_corridor_liquid, supply_closet_lemuel,
          serial_park_tiny_1
D:4:      layout_basic, serial_shops, nicolae_shop_waterfront
D:5:      layout_rooms
D:6:      gammafunk_cloud_chamber, layout_basic,
          nicolae_ru_sacrificial_ziggurat, gammafunk_ghost_smash,
          corexii_item_surrounded_by_moat
D:7:      layout_cave_pools, minmay_temple_entry_hall, grunt_tough_drop,
          uniq_harold, uniq_maggie, uniq_duvessa

Skill      XL: |  1  2  3  4  5  6  7  8  9 |
---------------+----------------------------+-----
Stealth        | 3 4 5 6 |  6.4
Conjurations   | 1 2 4 |  4.7
Spellcasting   | 3 4 5 6 |  6.8
Earth Magic    | 4 5 |  5.8
Dodging        | 3 4 5 |  5.0
Fighting       | |  0.6
Short Blades   | |  0.2
Maces & Flails | |  0.1
Transmutations | |  1.0

Action                   |  1- 3 |  4- 6 |  7- 9 || total
-------------------------+-------+-------+-------++-------
Melee: Unarmed           |     4 |       |       ||     4
       Constrict         |     5 |     2 |     4 ||    11
       Dagger            |     6 |     5 |     3 ||    14
       Tentacles         |     2 |       |     2 ||     4
       Whip              |       |       |     7 ||     7
       Scimitar          |       |       |     1 ||     1
 Cast: Sandblast         |    36 |    97 |     2 ||   135
       Stone Arrow       |       |       |    77 ||    77
  Use: Scroll            |       |     9 |     5 ||    14
       Potion            |       |     2 |       ||     2
 Stab: Sleeping          |       |       |     2 ||     2
Armor: Skin              |     2 |     1 |     2 ||     5
Dodge: Dodged            |    31 |    28 |    37 ||    96
